 Dungeon Sprint DCSS version 0.27.1-2-g3b301248ec (webtiles) character file.

Game seed: 6970554512890564243

292 boopmooplesden the Basher (level 9, -1/85 HPs)
             Began as a Minotaur Fighter on Sept 22, 2021.
             Was a Priest of Okawaru.
             Slain by Aizul (6 damage)
             ... in the Dungeon (Sprint VI: "Thunderdome").
             The game lasted 00:04:25 (747 turns).

boopmooplesden the Basher (Minotaur Fighter)         Turns: 747, Time: 00:04:26

Health: -1/85      AC: 14    Str: 24    XL:     9   Next: 6%
Magic:  8/9        EV: 14    Int:  4    God:    Okawaru [***...]
Gold:   42         SH: 15    Dex: 11    Spells: 8/8 levels left

rFire    + + .     SeeInvis +   a - +0 flail
rCold    + + .     Faith    .   c - +0 kite shield
rNeg     + + +     Spirit   .   b - +0 scale mail
rPois    +         Reflect  .   s - +0 hat "Ofealoxa" {rF+ rN+++ Int-4 SInv}
rElec    +         Harm     .   p - +0 cloak
rCorr    +         Rampage  .   o - +0 pair of gloves
Will     +++..     NoTele   +   (no boots)
Stlth    +.........             q - amulet "Dastrischo" {RegenMP rF+ Will++}
HPRegen  0.24/turn              r - ring "Gemun" {rPois rC+ Str+2 Int+2 Slay+2}
MPRegen  0.36/turn              d - ring of Oenomania {rElec rC+ Will+ rCorr}

@: lethally poisoned (-1 -> -14), heroic
A: horns 2, retaliatory headbutt
a: Renounce Religion, Heroism


You were in the Dungeon.
You worshipped Okawaru.
Okawaru was most pleased with you.
You visited 1 branch You collected 600 gold pieces.
You spent 558 gold pieces at shops.

Inventory:

Hand Weapons
 a - a +0 flail (weapon)
Armour
 b - a +0 scale mail (worn)
 c - a +0 kite shield (worn)
 o - a +0 pair of gloves (worn)
 p - a +0 cloak (worn)
 s - the +0 hat "Ofealoxa" (worn) {rF+ rN+++ Int-4 SInv}
   (You bought it in a shop in the Dungeon)

   Int:       It affects your intelligence (-4).
   rF:        It protects you from fire.
   rN:        It renders you almost immune to negative energy.
   SInv:      It lets you see invisible.
Jewellery
 d - the ring of Oenomania (right hand) {rElec rC+ Will+ rCorr}
   (You bought it in a shop in the Dungeon)

   [ring of resist corrosion]

   rC:        It protects you from cold.
   rElec:     It insulates you from electricity.
   rCorr:     It protects you from acid and corrosion.
   Will:      It increases your willpower.
 q - the amulet "Dastrischo" (around neck) {RegenMP rF+ Will++}
   (You bought it in a shop in the Dungeon)

   [amulet of magic regeneration]

   It increases your rate of magic regeneration.
   rF:        It protects you from fire.
   Will:      It greatly increases your willpower.
 r - the ring "Gemun" (left hand) {rPois rC+ Str+2 Int+2 Slay+2}
   (You bought it in a shop in the Dungeon)

   [ring of protection from cold]

   Str:       It affects your strength (+2).
   Int:       It affects your intelligence (+2).
   Slay:      It affects your accuracy & damage with ranged weapons and melee
   (+2).
   rC:        It protects you from cold.
   rPois:     It protects you from poison.
Wands
 l - a wand of acid (5)
 m - a wand of iceblast (5)
Scrolls
 j - 4 scrolls of blinking
 n - 3 scrolls of fog
Potions
 g - 4 potions of haste
 h - 2 potions of magic
 i - a potion of berserk rage
 k - a potion of resistance


   Skills:
 + Level 10.0(15.0) Fighting
 + Level 13.0(18.0) Maces & Flails
 + Level 11.8(16.8) Armour
 + Level 6.5(11.5) Dodging
 + Level 0.2(5.2) Stealth
 + Level 12.5(17.5) Shields
 + Level 2.1 Invocations


You had 8 spell levels left.
You didn't know any spells.
Your spell library was empty.

Dungeon Overview and Level Annotations

Branches:
Dungeon (1/1)

Altars:
Cheibriados
Dithmenos
Fedhas
Gozag
Kikubaaqudgha
Makhleb
Okawaru
Qazlal
Ru
Sif Muna
Trog
Uskayaw
Vehumet
Wu Jian
Xom
Yredelemnul
Zin
The Shining One
Beogh
Jiyva
Lugonu

Shops:
D *[??*?*:[((!!!!

Annotations:
D Aizul


Innate Abilities, Weirdness & Mutations

You have a pair of horns on your head.
You reflexively headbutt those who attack you in melee.


Message History

The bolt of poison hits you! You resist.
You barely miss Aizul. You headbutt Aizul!
Aizul is almost dead.
Aizul hits you.
You miss Aizul. Your headbutt misses Aizul.
Aizul is almost dead.
You block Aizul's attack.
You hit Aizul. Your headbutt misses Aizul.
Aizul is almost dead.
Aizul casts a spell at you. The poison arrow hits you.
You are poisoned.
You partially resist.
You miss Aizul. Your headbutt misses Aizul.
Aizul is almost dead.
You feel sick. You block Aizul's attack.
You miss Aizul. Your headbutt misses Aizul.
Aizul is almost dead.
You feel sick. Aizul casts a spell at you. The bolt of poison hits you.
You are more poisoned.
You resist.
You feel more confident with your borrowed prowess.
You feel very sick. Aizul hits you!
* * * LOW HITPOINT WARNING * * *
Aizul hits you but does no damage.
You completely miss Aizul. Your headbutt misses Aizul.
Aizul is almost dead.
* * * LOW HITPOINT WARNING * * *
You feel very sick. Aizul barely misses you. You furiously retaliate!
You headbutt Aizul, but do no damage. You barely miss Aizul.
Aizul is almost dead.
* * * LOW HITPOINT WARNING * * *
You feel very sick. Aizul hits you.
You die...

###....÷....### #⌠...........⌠#
######.8.........8.######
##.___.....[###......___∩##
###∩......†÷8†# #.8........∩###
##.........÷..†###....÷........##
#⌠..........###...###..........⌠#
#⌠..........# #.<.# #.÷........⌠#
#⌠........÷.###S@.###..........⌠#
##.............###.............##
###∩........8.# #.8........∩###
##∩_._......###......___∩##
######.8.........8.######
#⌠...........⌠# ###.........###
#_......._# #.........#


You could see Aizul.

Vanquished Creatures
  A death yak (D)
  A cane toad (D)
  A komodo dragon (D)
  A yak (D)
  2 basilisks (D)
  A water moccasin (D)
  2 necrophages (D)
  A phantom (D)
  A hound (D)
  Terence (D)
  4 hell rats (D)
  An adder (D)
  2 river rats (D)
  An adder skeleton (D)
  A bat skeleton (D)
  An endoplasm (D)
  A ball python (D)
23 creatures vanquished.

Notes
Turn   | Place    | Note
-------+----------+-------------------------------------------
     0 | D        | boopmooplesden the Minotaur Fighter began the quest for the
                  | Orb.
     0 | D        | Reached XP level 1. HP: 19/19 MP: 0/0
     3 | D        | Found a viscous altar of Jiyva.
     3 | D        | Found a burning altar of Makhleb.
     4 | D        | Found a shimmering altar of Xom.
     5 | D        | Found a hide-covered altar of Uskayaw.
     5 | D        | Found an opulent altar of Gozag.
     5 | D        | Round 1.
     6 | D        | Found a snail-covered altar of Cheibriados.
     6 | D        | Found an ornate altar of the Wu Jian Council.
     6 | D        | Found Aruigut's Weapon Rack.
     6 | D        | Found Dushreir's Premium Goods.
     7 | D        | Found Qeloixua's Do-It-Yourself Clinic.
     7 | D        | Found Xuiwkir's Basic Armour.
     7 | D        | Found Goocaoco's Miscellaneous Merchandise.
    15 | D        | Bought a +0 pair of gloves for 54 gold pieces
    15 | D        | Bought a +0 cloak for 54 gold pieces
    28 | D        | Found a glowing golden altar of the Shining One.
    30 | D        | Found a shimmering blue altar of Sif Muna.
    31 | D        | Found Ufi Oti's Identification Station.
    32 | D        | Found Hiblel's Advanced Armour.
    32 | D        | Found Wegh's Jewellery.
    33 | D        | Found a corrupted altar of Lugonu.
    33 | D        | Found a blossoming altar of Fedhas.
    37 | D        | Found an ancient bone altar of Kikubaaqudgha.
    40 | D        | Bought a clouded amethyst amulet for 45 gold pieces
    40 | D        | Identified the amulet "Dastrischo" {RegenMP rF+ Will++}
                  | (You bought it in a shop in the Dungeon)
    40 | D        | Bought a warped copper ring for 45 gold pieces
    40 | D        | Identified the ring "Gemun" {rPois rC+ Str+2 Int+2 Slay+2}
                  | (You bought it in a shop in the Dungeon)
    54 | D        | Found a bloodstained altar of Trog.
    55 | D        | Found a glowing silver altar of Zin.
    56 | D        | Found a sacrificial altar of Ru.
    56 | D        | Found a stormy altar of Qazlal.
    56 | D        | Found a shadowy altar of Dithmenos.
    56 | D        | Found Inumuit's Magic Scroll Shop.
    56 | D        | Found Xeblan's Staff Store.
    57 | D        | Found Ryfox's Magic Scroll Shop.
    57 | D        | Found Suh Josm's Must-Have Magic.
    60 | D        | Found a basalt altar of Yredelemnul.
    61 | D        | Found an iron altar of Okawaru.
    62 | D        | Found a radiant altar of Vehumet.
    63 | D        | Found Forer's Distillery.
    64 | D        | Found Noutz's Distillery.
    64 | D        | Found Kazaac's Bottled Wisdom.
    81 | D        | Reached XP level 2. HP: 23/28 MP: 1/1
    96 | D        | Noticed Terence
   103 | D        | Killed Terence
   104 | D        | Reached skill level 5 in Fighting
   104 | D        | Reached skill level 3 in Maces & Flails
   104 | D        | Reached skill level 5 in Armour
   104 | D        | Reached skill level 5 in Shields
   104 | D        | Reached XP level 3. HP: 26/36 MP: 2/2
   139 | D        | Arena points: 12 (+12) [x2]
   140 | D        | Reached skill level 4 in Maces & Flails
   140 | D        | Reached skill level 1 in Dodging
   140 | D        | Reached XP level 4. HP: 32/44 MP: 3/3
   188 | D        | Round 2.
   189 | D        | Noticed a phantom
   195 | D        | Killed a phantom
   196 | D        | Reached skill level 5 in Maces & Flails
   196 | D        | Reached XP level 5. HP: 39/51 MP: 4/4
   218 | D        | Became a worshipper of Warmaster Okawaru
   270 | D        | Noticed a necrophage
   272 | D        | Noticed a necrophage
   280 | D        | Killed a necrophage
   281 | D        | Reached skill level 6 in Maces & Flails
   287 | D        | Killed a necrophage
   287 | D        | Reached * piety under Okawaru
   287 | D        | Arena points: 48 (+36) [x3]
   288 | D        | Reached skill level 7 in Maces & Flails
   288 | D        | Reached XP level 6. HP: 49/61 MP: 5/5
   298 | D        | Bought a flickering jade ring for 45 gold pieces
   298 | D        | Identified the ring of Oenomania {rElec rC+ Will+ rCorr}
                  | (You bought it in a shop in the Dungeon)
   333 | D        | Round 3.
   405 | D        | Noticed a yak
   418 | D        | Killed a yak
   419 | D        | Reached skill level 8 in Maces & Flails
   419 | D        | Reached skill level 10 in Armour
   419 | D        | Reached skill level 10 in Shields
   419 | D        | Reached XP level 7. HP: 55/69 MP: 6/6
   425 | D        | Noticed a death yak
   444 | D        | Killed a death yak
   444 | D        | Reached ** piety under Okawaru
   444 | D        | Reached *** piety under Okawaru
   444 | D        | Arena points: 132 (+84) [x4]
   445 | D        | Reached skill level 11 in Maces & Flails
   445 | D        | Reached skill level 5 in Dodging
   445 | D        | Reached skill level 1 in Invocations
   445 | D        | Reached XP level 8. HP: 31/78 MP: 7/7
   481 | D        | Round 4.
   513 | D        | Noticed a cane toad
   523 | D        | Killed a cane toad
   603 | D        | Noticed a komodo dragon
   620 | D        | Reached skill level 12 in Maces & Flails
   640 | D        | Killed a komodo dragon
   646 | D        | Reached **** piety under Okawaru
   646 | D        | Arena points: 292 (+160) [x5]
   647 | D        | Reached skill level 10 in Fighting
   647 | D        | Reached skill level 13 in Maces & Flails
   647 | D        | Reached XP level 9. HP: 39/85 MP: 9/9
   660 | D        | Bought a jewelled hat for 315 gold pieces
   660 | D        | Identified the +0 hat "Ofealoxa" {rF+ rN+++ Int-4 SInv}
                  | (You bought it in a shop in the Dungeon)
   697 | D        | Round 5.
   701 | D        | Noticed Aizul
   747 | D        | Slain by Aizul

Illustrated notes

Levels and vault maps discovered:
D:        arena_sprint

Skill      XL: |  1  2  3  4  5  6  7  8 |
---------------+-------------------------+-----
Fighting       | 4 5 6 7 8 9 10 | 10.0
Armour         | 4 5 6 7 9 10 11 | 11.8
Shields        | 4 5 6 7 9 10 11 12 | 12.5
Maces & Flails | 3 4 5 7 8 11 13 | 13.0
Dodging        | 1 2 3 5 6 |  6.5
Invocations    | 1 2 |  2.1
Stealth        | |  0.2

Action                   |  1- 3 |  4- 6 |  7- 9 || total
-------------------------+-------+-------+-------++-------
Melee: Flail             |    21 |    36 |    84 ||   141
       Headbutt          |     3 |     8 |    19 ||    30
Invok: Heroism           |       |     1 |     7 ||     8
  Use: Potion            |     1 |       |     5 ||     6
Armor: Scale mail        |    10 |    16 |     7 ||    33
Dodge: Dodged            |     5 |     6 |    18 ||    29
Block: Kite shield       |    13 |    19 |    36 ||    68
